AoeStats
← PewPw

Enclosed

506018734Analyzed
1v1 RM · 20d ago on Sep 12, 2026· 63m 16s· 2 players
Game mode
Random Map
Map size
Tiny (2 player)
Population
200
Speed
Normal
Resources
Standard
Victory
Conquest
Starting age
Dark Age
Ending age
Imperial Age
RankedLock teamsTeams togetherTeam positionsShared explorationLock speedFull tech treeHidden civsTurbo modeCheats
Victory
Defeat
🇮🇳 Mongols · India
762
+14
🇪🇸 Saracens · Spain
729
-14
PewPw
5:46 Loom
11:51 Feudal Age
14:52 Double-Bit Axe
20:32 Castle Age
19:17 Forging
20:12 Scale Barding Armor
20:24 Bloodlines
20:26 Horse Collar
20:41 Gold Mining
20:41 Light Cavalry
22:58 Husbandry
25:33 Bow Saw
27:29 Wheelbarrow
26:45 Town Watch
29:29 Chain Barding Armor
30:09 Hand Cart
32:13 Fletching
33:23 Pikeman
34:04 Squires
33:50 Arson
34:59 Bodkin Arrow
35:05 Padded Archer Armor
40:31 Imperial Age
38:52 Leather Archer Armor
39:14 Iron Casting
38:40 Scale Mail Armor
38:49 Town Patrol
38:53 Man-at-Arms
40:40 Long Swordsman
41:59 Conscription
42:02 Drill
41:05 Capped Ram
41:56 Bracer
44:11 Murder Holes
45:17 Chemistry
44:37 Ballistics
44:36 Chain Mail Armor
45:23 Blast Furnace
44:39 Two-Handed Swordsman
46:40 Herbal Medicine
46:30 Siege Ram
47:38 Heavy Plow
48:43 Champion
50:20 Plate Mail Armor
52:41 Nomads
60:45 Hoardings
60:35 Elite Mangudai
LucaNotDead
6:01 Loom
14:14 Feudal Age
15:12 Horse Collar
17:17 Double-Bit Axe
18:20 Gold Mining
19:21 Wheelbarrow
22:48 Forging
24:43 Castle Age
24:06 Scale Barding Armor
25:51 Bow Saw
26:14 Husbandry
26:27 Bloodlines
27:07 Hand Cart
27:24 Heavy Plow
27:49 Squires
29:32 Iron Casting
30:05 Chain Barding Armor
30:00 Pikeman
36:16 Fletching
36:26 Padded Archer Armor
36:42 Elite Skirmisher
40:06 Bodkin Arrow
40:28 Leather Archer Armor
41:10 Ballistics
46:38 Imperial Age
44:29 Gambesons
48:43 Chemistry
47:51 Bracer
51:49 Conscription
53:03 Two-Man Saw
Connection lost

Rejoining the realm…

Still unreachable

The connection could not be restored.

Session expired

The server has moved on; the page needs a fresh start.